 Dungeon Crawl Stone Soup version 0.18-a0-1267-gff090c1 (webtiles) character file.

5786 alf the Blocker (level 11, -7/83 HPs)
             Began as a Formicid Fighter on Feb 6, 2016.
             Was an Elder of Makhleb.
             Killed by the air
             ... invoked by Gastronok
              (32 damage)
             ... on level 9 of the Dungeon.
             The game lasted 00:33:30 (7638 turns).

alf the Blocker (Formicid Fighter)                  Turns: 7638, Time: 00:33:31

Health: -7/83      AC: 15    Str: 20    XL:     11   Next: 6%
Magic:  11/11      EV:  9    Int:  9    God:    Makhleb [****..]
Gold:   337        SH: 18    Dex: 13    Spells: 0 memorised, 10 levels left

rFire  . . .     SeeInvis +     v - +0 hunting sling
rCold  . . .     Gourm    .     B - +2 chain mail {MR+}
rNeg   . . .     Faith    .     c - +1 shield
rPois  .         Spirit   .     (helmet unavailable)
rElec  .         Dismiss  .     P - +0 cloak
rCorr  +         Reflect  +     (no gloves)
SustAt .         Harm     .     C - +0 pair of boots
MR     ++...                    q - +5 amulet of reflection
Stlth  ..........               w - ring of resist corrosion
                                p - +4 ring of slaying

@: very resistant to hostile enchantments, extremely unstealthy
A: permanent stasis, dig shafts and tunnels, four strong arms, antennae 3
a: Dig, Shaft Self, Minor Destruction, Lesser Servant of Makhleb, Major
Destruction, Renounce Religion


You were on level 9 of the Dungeon.
You worshipped Makhleb.
Makhleb was greatly pleased with you.
You were not hungry.

You visited 1 branch of the dungeon, and saw 9 of its levels.

You collected 337 gold pieces.

Inventory:

Hand Weapons
 a - a +0 long sword
 s - a +1 falchion of holy wrath
 v - a +0 hunting sling (weapon)
Missiles
 n - 419 stones (quivered)
 y - 9 exploding sling bullets
 N - 35 sling bullets
Armour
 b - a +0 scale mail
 c - a +1 shield (worn)
 B - a +2 chain mail of magic resistance (worn)
 C - a +0 pair of boots (worn)
 P - a +0 cloak (worn)
Magical Staves
 j - an uncursed staff of air {unknown}
Jewellery
 o - an uncursed amulet of magic regeneration
 p - a +4 ring of slaying (left hand)
 q - a +5 amulet of reflection (around neck)
 w - a ring of resist corrosion (right hand)
 z - an uncursed ring of fire
 I - an uncursed ring of ice {unknown}
Scrolls
 e - a scroll of immolation {unknown}
 t - 2 scrolls of fear
 A - 2 scrolls of magic mapping {unknown}
 D - 6 scrolls of identify
 E - a scroll of random uselessness {unknown}
 F - 2 scrolls of teleportation {unknown}
 H - 2 scrolls of remove curse
 J - a scroll of silence {unknown}
 K - a scroll of fog {unknown}
 O - a scroll of recharging
Potions
 d - a potion of might
 k - a potion of mutation {unknown}
 l - a potion of haste {unknown}
 m - 3 potions of curing {unknown}
 r - 2 potions of agility {unknown}
 u - a potion of heal wounds {unknown}
 G - a potion of lignification {unknown}
 L - a potion of ambrosia {unknown}
 M - a potion of brilliance {unknown}
 Q - a potion of cancellation {unknown}
Books
 S - a book of Flames

   Spells                             Type                      Level
   a - Flame Tongue                   Conjuration/Fire             1
   b - Throw Flame                    Conjuration/Fire             2
   c - Conjure Flame                  Conjuration/Fire             3
   d - Inner Flame                    Hexes/Fire                   3
   e - Sticky Flame                   Conjuration/Fire             4
   f - Fireball                       Conjuration/Fire             5
Comestibles
 f - 8 bread rations
 g - 8 fruits
 h - 3 slices of pizza
 i - 2 royal jellies
 x - 3 meat rations
 R - 4 chunks of flesh


   Skills:
 + Level 6.4 Fighting
 * Level 9.7 Long Blades
 * Level 2.5 Slings
 + Level 7.4 Armour
 + Level 4.1 Dodging
 + Level 10.4 Shields


You had 10 spell levels left.
You didn't know any spells.

Dungeon Overview and Level Annotations

Branches:
Dungeon (9/15)             Temple (0/1) D:4            Lair (0/8) D:8
    Orc: D:9-12

Altars:
Ashenzari
Elyvilon
Kikubaaqudgha
Makhleb
Vehumet
Xom
Yredelemnul
The Shining One

Shops:
D:6 [

Annotations:
D:9 Gastronok


Innate Abilities, Weirdness & Mutations

You are under a permanent stasis effect.
You can dig through walls and to a lower floor.
Your four strong arms can wield two-handed weapons with a shield.
You have a pair of large antennae on your head (SInv).


Message History

Press: ? - help, Shift-Dir - straight line, f/p - Gastronok
Aim: Gastronok, wearing an embroidered hat (heavily wounded, covering ground quickly)
You shoot a stone. The stone hits Gastronok!
Gastronok is heavily wounded.
The phantom blinks!
Firing (i - inventory. (,) - cycle):
n - 421 stones (quivered)
Press: ? - help, Shift-Dir - straight line, f/p - Gastronok
Aim: Gastronok, wearing an embroidered hat (heavily wounded, covering ground quickly)
You shoot a stone. The stone hits Gastronok.
Gastronok is heavily wounded.
Firing (i - inventory. (,) - cycle):
n - 420 stones (quivered)
Press: ? - help, Shift-Dir - straight line, f/p - Gastronok
Aim: Gastronok, wearing an embroidered hat (heavily wounded, covering ground quickly)
You shoot a stone. The stone hits Gastronok.
Gastronok is heavily wounded.
Gastronok waves his eye-stalks in wide circles.
The air twists around and strikes you!
The phantom blinks!
Gastronok waves his eye-stalks in wide circles.
The air twists around and strikes you!
You die...

##.............#.............#...
.........................#.......
..................#.........##...
.....#.......#........#.....###..
.......(.....##............###...
#.#..........##.#...#.....###....
...................###...#.#.....
........ยง.)...#.#.###.......#....
......((.(....##@###....#.......#
..........(w........#..### #....
....................#....#####...
...>##.........###.###.##.##.#...
#..#.#.....W....#### ###.........
#.................# #........#
#............#.....# ##.#....##
..............#...... ###...##
.............#........ #.....#


You could see Gastronok and a phantom.

Vanquished Creatures
  Pikel (D:7)
  The ghost of stickyfingers the Spear-Bearer, a novice MiSk of Dithmenos (D:6)
  An elephant (D:8)
  Joseph (D:7)
  A troll (D:8)
  Prince Ribbit (D:7)
  A yak (D:8)
  A hippogriff (D:7)
  A hungry ghost (D:8)
  Edmund (D:5)
  A big kobold (D:7)
  A slave (D:7)
  A sky beast (D:7)
  2 orc warriors (D:7)
  An ice beast (D:6)
  2 phantoms
  A black bear (D:7)
  2 eyes of draining
  5 ogres
  A centaur (D:7)
  A crocodile (D:8)
  Blork the orc (D:6)
  2 gnoll sergeants
  A scorpion (D:7)
  8 killer bees
  5 wights (D:8)
  A crimson imp (D:8)
  3 hounds
  A quasit (D:9)
  A centaur skeleton (D:9)
  2 orc priests (D:7)
  2 jellies
  2 iguanas
  4 orc wizards
  5 worker ants
  A sheep (D:8)
  2 hound skeletons (D:7)
  13 gnolls
  2 adders
  2 shadow imps
  2 oozes
  6 worms
  3 giant geckos
  19 orcs
  3 ball pythons
  5 giant cockroaches
  11 hobgoblins
  18 jackals
  5 kobolds
  2 quokkas
  6 bats
  A giant gecko skeleton (D:5)
  7 giant newts
  3 goblins
  A quokka zombie (D:5)
  9 rats
187 creatures vanquished.

Vanquished Creatures (others)
  A slave (D:7)
  2 centaurs
  A hound (D:7)
  An orc priest (D:7)
  2 orcs
  4 kobolds (D:7)
11 creatures vanquished.

Grand Total: 198 creatures vanquished

Notes
Turn   | Place    | Note
--------------------------------------------------------------
     0 | D:1      | alf the Formicid Fighter began the quest for the Orb.
     0 | D:1      | Reached XP level 1. HP: 18/18 MP: 1/1
    56 | D:1      | Reached XP level 2. HP: 16/24 MP: 2/2
   335 | D:1      | Reached XP level 3. HP: 12/29 MP: 3/3
  1048 | D:2      | Reached skill level 1 in Dodging
  1048 | D:2      | Reached skill level 4 in Shields
  1214 | D:2      | Reached XP level 4. HP: 28/35 MP: 4/4
  1597 | D:3      | Found a shimmering altar of Xom.
  1597 | D:3      | Found a radiant altar of Vehumet.
  2274 | D:3      | Found a burning altar of Makhleb.
  2284 | D:3      | Became a worshipper of Makhleb the Destroyer
  2380 | D:4      | Reached XP level 5. HP: 18/42 MP: 5/5
  2577 | D:4      | Found a staircase to the Ecumenical Temple.
  2579 | D:4      | Noticed an ogre
  2592 | D:4      | Killed an ogre
  2592 | D:4      | Reached skill level 5 in Shields
  2592 | D:4      | Reached XP level 6. HP: 48/48 MP: 6/6
  2716 | D:4      | Noticed an ogre
  2726 | D:4      | Killed an ogre
  2944 | D:4      | Found a shattered altar of Ashenzari.
  2964 | D:4      | Noticed an ogre
  2974 | D:4      | Killed an ogre
  2974 | D:4      | Reached XP level 7. HP: 33/54 MP: 7/7
  3502 | D:5      | Entered Level 5 of the Dungeon
  3586 | D:5      | Noticed Edmund
  3605 | D:5      | Killed Edmund
  3747 | D:5      | Reached skill level 5 in Armour
  4153 | D:5      | Found a basalt altar of Yredelemnul.
  4211 | D:5      | Found a glowing golden altar of the Shining One.
  4211 | D:5      | Found an ancient bone altar of Kikubaaqudgha.
  4321 | D:5      | Found a white marble altar of Elyvilon.
  4457 | D:6      | Reached * piety under Makhleb
  4516 | D:6      | Noticed stickyfingers's ghost (novice MiSk)
  4532 | D:6      | Killed stickyfingers's ghost
  4532 | D:6      | Reached skill level 5 in Long Blades
  4532 | D:6      | Reached skill level 6 in Shields
  4532 | D:6      | Reached XP level 8. HP: 57/61 MP: 8/8
  4580 | D:6      | Noticed Blork the orc
  4587 | D:6      | Killed Blork the orc
  4606 | D:6      | Found Sagasiysch's Antique Armour Shop.
  4654 | D:6      | Reached skill level 7 in Shields
  4753 | D:6      | Reached XP level 9. HP: 67/67 MP: 9/9
  4755 | D:6      | Reached skill level 5 in Fighting
  4869 | D:6      | Found a shimmering altar of Xom.
  4870 | D:6      | Found a shimmering altar of Xom.
  4870 | D:6      | Found a shimmering altar of Xom.
  4870 | D:6      | Found a shimmering altar of Xom.
  4870 | D:6      | Found a shimmering altar of Xom.
  4872 | D:6      | Found a shimmering altar of Xom.
  4872 | D:6      | Found a shimmering altar of Xom.
  4872 | D:6      | Found a shimmering altar of Xom.
  4872 | D:6      | Found a shimmering altar of Xom.
  5312 | D:7      | Reached skill level 8 in Shields
  5468 | D:7      | Noticed Pikel
  5503 | D:7      | Reached ** piety under Makhleb
  5592 | D:7      | Killed Pikel
  5645 | D:7      | Reached skill level 9 in Shields
  5846 | D:7      | Reached XP level 10. HP: 76/76 MP: 10/10
  5874 | D:7      | Noticed Prince Ribbit
  5888 | D:7      | Killed Prince Ribbit
  5931 | D:7      | Noticed Joseph
  5962 | D:7      | Killed Joseph
  6595 | D:8      | Found a staircase to the Lair.
  6596 | D:8      | Noticed an elephant
  6631 | D:8      | Reached *** piety under Makhleb
  6677 | D:8      | Killed an elephant
  6726 | D:8      | Reached skill level 10 in Shields
  6833 | D:8      | Reached skill level 1 in Slings
  6996 | D:9      | Noticed Gastronok
  7270 | D:9      | Reached XP level 11. HP: 83/83 MP: 11/11
  7554 | D:9      | Reached **** piety under Makhleb
  7638 | D:9      | Killed from afar by Gastronok

Vault maps used:
D:1:      zelgadis_glass_arrival_small, minmay_misc_feat_tower
D:2:      first_bread
D:3:      grunt_temple_overflow_open, lemuel_round_altar, minmay_misc_feat_x
D:4:      evilmike_ruin_ashenzari, temple_doors_d
D:5:      kennysheep_ying_yang, gammafunk_temple_overflow_wave, uniq_edmund
D:6:      serial_shops, kennysheep_mini, xom_redecorated, uniq_blork_the_orc
D:7:      kennysheep_doodads, uniq_pikel, uniq_prince_ribbit1, uniq_joseph
D:8:      david_lair_generic
D:9:      uniq_gastronok

Action                   |  1- 3 |  4- 6 |  7- 9 | 10-12 || total
-------------------------+-------+-------+-------+-------++-------
Melee: Long sword        |   134 |       |       |       ||   134
       Falchion          |     6 |   163 |   293 |   306 ||   768
 Fire: Hunting sling     |       |     5 |     2 |    43 ||    50
Invok: Minor Destruction |       |       |       |     2 ||     2
 Abil: Dig               |     1 |     2 |     5 |     4 ||    12
  Use: Scroll            |     4 |     4 |       |     1 ||     9
  Eat: Chunk             |     1 |     6 |    10 |     9 ||    26
